Map: Mothership LE

Players

Mythshaker - Winner!

  • Race: Protoss Protoss
  • Spawn Location: 1:00

Fratini

  • Race: Terran Terran
  • League: Silver
  • Spawn Location: 6:00

VOD

Have the link to the VOD?

Description

Time

  • Played on: Dec. 1, 2025, 6:28 a.m.
  • Length: 20:15
Show
View Real Time Build Order
Export as new Build Order

Mythshaker Protoss - Winner!

Build Orders:  

Get SALT Encoding   

  12  0:14  Pylon  
  12  0:22  Assimilator  
  12  0:25  Probe  
  13  0:33  Probe  
  13  0:42  Probe  
  14  0:44  Gateway  
  15  1:13  Assimilator  
  15  1:25  Probe  
  16  1:33  Probe  
  17  1:41  Cybernetics Core  
  17  1:54  Nexus  
  17  2:14  Probe  
  18  2:23  Stargate  
  18  2:26  Stargate  
  18  2:28  Probe  
  18  2:36  Probe  
  20  2:46  Probe  
  20  2:47  Assimilator  
  21  2:53  Assimilator  
  21  3:04  Pylon  
  21  3:05  Probe  
  22  3:13  Probe  
  23  3:22  Probe  
  28  3:30  Void Ray  
  28  3:37  Probe  
  29  3:45  Probe  
  29  3:53  Probe  
  35  4:04  Probe, Void Ray  
  36  4:14  Probe  
  37  4:22  Probe  
  37  4:31  Probe  
  42  4:32  Void Ray  
  43  4:41  Protoss Air Weapons Level 1  
  43  4:52  Pylon  
  43  5:09  Probe  
  48  5:16  Pylon, Void Ray  
  48  5:20  Probe  
  53  5:24  Void Ray  
  53  5:28  Probe  
  54  5:36  Probe  
  54  5:38  Pylon  
  59  5:57  Probe  
  59  5:59  Void Ray  
  64  6:07  Void Ray  
  64  6:08  Pylon  
  64  6:09  Probe  
  65  6:21  Probe  
  66  6:30  Fleet Beacon  
  66  6:38  Forge, Protoss Air Armor Level 1  
  66  6:41  Probe  
  71  6:50  Void Ray  
  71  6:52  Protoss Shields Level 1  
  71  6:53  Probe  
  72  7:01  Void Ray  
  76  7:02  Pylon  
  76  7:05  Pylon  
  76  7:09  Flux Vanes  
  80  7:33  Void Ray  
  80  7:44  Void Ray  
  84  7:48  Nexus  
  88  8:16  Void Ray  
  88  8:27  Probe, Void Ray  
  92  8:32  Probe  
  94  8:47  Pylon  
  94  8:49  Pylon  
  94  8:54  Pylon  
  94  8:56  Pylon  
  94  9:00  Probe x2, Pylon  
  100  9:03  Pylon  
  100  9:06  Pylon, Void Ray  
  104  9:10  Void Ray  
  104  9:12  Probe x2  
  106  9:30  Pylon  
  106  9:39  Pylon  
  106  9:44  Probe  
  111  9:47  Assimilator  
  111  9:49  Void Ray  
  111  9:51  Assimilator  
  115  9:53  Probe, Void Ray  
  116  10:01  Probe  
  116  10:04  Shield Battery  
  117  10:07  Shield Battery  
  117  10:10  Probe  
  117  10:11  Shield Battery  
  118  10:19  Shield Battery  
  118  10:23  Probe  
  118  10:26  Shield Battery  
  123  10:30  Sentry, Protoss Air Armor Level 2  
  123  10:32  Void Ray  
  127  10:36  Void Ray  
  129  10:57  Twilight Council  
  129  11:01  Sentry  
  139  11:20  Void Ray  
  139  11:21  Void Ray  
  139  11:53  Protoss Shields Level 2  
  147  12:03  Void Ray  
  147  12:04  Void Ray  
  147  12:12  Blink  
  147  12:20  Stalker  
  149  12:37  Gateway  
  157  12:46  Void Ray  
  157  12:47  Void Ray  
  157  12:48  Stalker  
  159  12:58  Pylon  
  159  13:02  Pylon  
  159  13:09  Pylon  
  159  13:15  Stalker  
  156  13:29  Void Ray  
  156  13:30  Void Ray  
  156  13:38  Pylon  
  156  13:42  Pylon  
  156  13:43  Photon Cannon  
  156  13:46  Photon Cannon  
  156  13:53  Pylon  
  156  13:59  Pylon  
  156  14:02  Pylon  
  164  14:12  Void Ray  
  164  14:13  Void Ray  
  164  14:23  Pylon, Cybernetics Core  
  164  14:24  Protoss Air Weapons Level 2  
  164  14:30  Photon Cannon  
  162  14:37  Photon Cannon  
  158  14:41  Photon Cannon  
  158  14:42  Protoss Shields Level 3  
  158  14:43  Photon Cannon  
  156  14:49  Oracle  
  156  14:50  Photon Cannon  
  163  14:56  Void Ray  
  163  15:01  Photon Cannon  
  161  15:23  Photon Cannon  
  165  15:32  Void Ray  
  165  16:00  Photon Cannon  
  165  16:34  Photon Cannon  
  165  16:49  Pylon  
  165  17:31  Robotics Facility  
  165  17:35  Photon Cannon  
  165  17:40  Photon Cannon  
  165  17:45  Photon Cannon  
  172  18:09  Void Ray  
  172  18:10  Void Ray  
  172  18:30  Observer  
  173  18:42  Observer  
  178  18:52  Void Ray  
Show
View Real Time Build Order
Export as new Build Order

Fratini Terran 

Build Orders:  

Get SALT Encoding   

  12  0:01  SCV  
  13  0:13  SCV  
  14  0:25  SCV  
  14  0:27  Supply Depot  
  15  0:49  SCV  
  16  0:52  Barracks  
  16  1:01  SCV  
  16  1:04  Refinery  
  17  1:08  Refinery  
  17  1:13  SCV  
  18  1:25  SCV  
  19  1:37  SCV  
  20  1:53  SCV  
  21  1:56  Barracks Tech Lab  
  21  2:05  SCV  
  22  2:17  SCV  
  22  2:18  Factory  
  23  2:28  Supply Depot  
  23  2:50  SCV, Marine  
  25  2:51  Supply Depot  
  25  3:02  SCV  
  25  3:04  Command Center  
  26  3:05  Stimpack  
  26  3:07  Marine  
  27  3:12  Factory Tech Lab  
  27  3:25  Marine  
  28  3:30  Engineering Bay  
  28  3:43  Marine  
  28  3:46  Starport  
  29  3:53  Siege Tank  
  32  3:59  Orbital Command  
  32  4:01  Marine  
  33  4:09  Missile Turret  
  33  4:23  Refinery, SCV  
  34  4:26  Ghost Academy  
  34  4:33  Missile Turret  
  34  4:34  Siege Tank  
  34  4:35  SCV  
  38  4:45  Combat Shield  
  38  4:47  SCV  
  38  4:51  Supply Depot  
  39  4:53  Starport Tech Lab  
  40  5:00  SCV  
  40  5:12  SCV  
  41  5:15  Supply Depot  
  41  5:17  Siege Tank  
  44  5:24  SCV, Banshee  
  48  5:35  Fusion Core  
  48  5:36  SCV  
  48  5:38  Personal Cloaking  
  49  5:48  SCV  
  50  5:51  Refinery  
  50  6:00  SCV  
  50  6:04  Concussive Shells, Missile Turret  
  51  6:12  SCV  
  52  6:19  Widow Mine  
  52  6:24  SCV  
  52  6:25  Missile Turret  
  55  6:37  SCV  
  56  6:41  Widow Mine  
  58  6:49  SCV  
  59  6:55  Battlecruiser  
  65  7:02  Widow Mine  
  65  7:05  Missile Turret  
  67  7:15  Weapon Refit  
  67  7:17  Starport  
  67  7:23  Nuke  
  67  7:24  Widow Mine  
  67  7:26  SCV  
  70  7:31  Missile Turret  
  70  7:55  Supply Depot  
  70  7:58  Starport Tech Lab  
  70  8:08  Armory  
  70  8:16  SCV, Widow Mine  
  70  8:17  Supply Depot  
  73  8:28  SCV  
  74  8:39  Battlecruiser x2  
  86  8:42  Missile Turret  
  86  8:48  Caduceus Reactor  
  86  8:56  Armory  
  86  9:02  Supply Depot  
  86  9:04  Terran Vehicle Weapons Level 1  
  86  9:23  Ghost  
  88  9:24  Supply Depot  
  88  9:45  Advanced Ballistics  
  88  9:46  Battlecruiser  
  88  9:52  Ghost  
  96  9:57  Battlecruiser  
  96  9:59  Supply Depot  
  102  10:06  Terran Vehicle And Ship Armor Level 1  
  102  10:26  Sensor Tower  
  102  10:40  Armory  
  102  10:52  Sensor Tower  
  102  11:02  Terran Vehicle Weapons Level 2  
  102  11:05  Command Center  
  102  11:08  Cloaking Field  
  102  11:17  Sensor Tower  
  102  11:30  Starport  
  102  11:43  Battlecruiser  
  108  11:51  Sensor Tower  
  108  12:09  Terran Vehicle And Ship Armor Level 2  
  108  12:12  Terran Ship Weapons Level 1  
  108  12:14  Starport Tech Lab  
  108  12:19  Refinery  
  108  12:20  Refinery  
  108  12:31  Battlecruiser  
  114  13:36  Nuke  
  114  13:39  Battlecruiser  
  120  13:47  Supply Depot  
  120  14:08  Battlecruiser  
  126  14:10  Supply Depot  
  123  15:36  Nuke  
  123  15:39  Terran Vehicle Weapons Level 3  
  123  15:41  Terran Vehicle And Ship Armor Level 3  
  123  15:42  Terran Ship Weapons Level 2  
  123  15:45  Battlecruiser  
  123  15:47  Battlecruiser  
  133  17:25  Widow Mine  
  135  17:46  Widow Mine  
  135  18:08  Widow Mine  
  135  18:10  Battlecruiser  
  141  18:18  Supply Depot  
  141  18:23  Supply Depot  
  141  18:40  Battlecruiser, Widow Mine  
  149  18:45  Battlecruiser  
  149  18:47  Supply Depot  
  155  19:02  Widow Mine  
  157  19:12  Missile Turret  
  160  19:40  Missile Turret  
Tags
 
League
Silver
Matchup
PvT
Spawn Locations
Cross Positions
Add a new tag
Caveats
  • Supply blocks, unpowered buildings, or Contaminate may cause inaccurate times.
  • Supply counts are checked every 10 seconds.